 Dungeon Crawl Stone Soup version 0.30.0-15-g856e2d3f33 (webtiles) character file.

Game seed: 1534804482059659453

1477 bmack86 the Chopper (level 8, -4/71 HPs)
             Began as a Minotaur Fighter on May 20, 2023.
             Slain by a killer bee (5 damage)
             ... on level 9 of the Dungeon.
             The game lasted 00:18:27 (3868 turns).

bmack86 the Chopper (Minotaur Fighter)              Turns: 3868, Time: 00:18:27

Health: -4/71      AC: 20    Str: 28    XL:     8   Next: 49%
Magic:  7/7        EV:  7    Int:  5    God:
Gold:   182        SH:  5    Dex: 11    Spells: 7/7 levels left

rFire   + . .        a - +0 war axe
rCold   + . .        c - +0 buckler
rNeg    . . .        m - +0 plate armour
rPois   +            (helmet restricted)
rElec   +            (no cloak)
rCorr   +            (no gloves)
SInv    .            p - +2 pair of boots
Will    .....        (no amulet) Stlth
                     q - +6 ring of strength
HPRegen 0.31/turn    y - +4 ring of protection
MPRegen 0.10/turn

%: no passive effects
@: mighty, lethally poisoned (-4 -> -7), resistant, marked
A: horns 2, retaliatory headbutt
a: no special abilities


You were on level 9 of the Dungeon.
You visited 1 branch of the dungeon, and saw 7 of its levels.

You collected 182 gold pieces.

Inventory:

Hand Weapons
 a - a +0 war axe (weapon)
Missiles
 s - 3 throwing nets
 t - 3 boomerangs (quivered)
Armour
 b - a +0 scale mail
 c - a +0 buckler (worn)
 m - a +0 plate armour (worn)
 n - a +0 chain mail
 p - a +2 pair of boots (worn)
Jewellery
 q - a +6 ring of strength (left hand)
 u - a ring of fire
 w - a ring of fire
 y - a +4 ring of protection (right hand)
 B - a ring of magical power
Wands
 C - a wand of polymorph (20)
Scrolls
 j - 3 scrolls of teleportation
 r - 2 scrolls of amnesia
 v - a scroll of immolation {unknown}
 x - 2 scrolls of enchant armour
 D - a scroll of enchant weapon {unknown}
 F - 3 scrolls of magic mapping {unknown}
Potions
 f - 2 potions of cancellation
 h - 2 potions of degeneration
 i - a potion of invisibility {unknown}
 k - 2 potions of ambrosia {unknown}
 l - 2 potions of mutation {unknown}
 o - a potion of brilliance {unknown}
 z - a potion of haste {unknown}
 A - a potion of attraction {unknown}


   Skills:
 + Level 6.4 Fighting
 * Level 7.9 Axes
 + Level 3.2 Throwing
 + Level 6.5 Armour
 + Level 6.4 Shields


You had 7 spell levels left.
You didn't know any spells.
Your spell library contained the following spells:

 Spells                   Type           Power      Damage    Failure   Level
 Magic Dart               Conj           0%         1d3       99%         1
 Call Imp                 Summ           0%         N/A       100%        2
 Frozen Ramparts          Ice            0%         1d1       100%        3
 Ignite Poison            Fire/Tmut/Pois 0%         N/A       100%        3
 Inner Flame              Hex/Fire       0%         N/A       100%        3
 Mephitic Cloud           Conj/Pois/Air  0%         N/A       100%        3
 Volatile Blastmotes      Fire/Tloc      0%         2d10      100%        3
 Animate Dead             Necr           0%         N/A       100%        4
 Ice Form                 Ice/Tmut       0%         N/A       100%        4
 Sticky Flame             Conj/Fire      0%         2d3       100%        4
 Summon Ice Beast         Ice/Summ       0%         N/A       100%        4
 Borgnjor's Vile Clutch   Necr/Erth      0%         N/A       100%        5
 Death Channel            Necr           0%         N/A       100%        6
 Starburst                Conj/Fire      0%         6d3       100%        6


Dungeon Overview and Level Annotations

Branches:
Dungeon (9/15)
 Temple: D:4-7         Lair: D:8-11         Orc: D:9-12

Altars:
Dithmenos
Elyvilon
Nemelex Xobeh
Wu Jian
Zin

Shops:
D:4 :

Annotations:
D:9 Pikel


Innate Abilities, Weirdness & Mutations

You have a pair of horns on your head.
You reflexively headbutt those who attack you in melee.


Message History

The lemure hits you.
* * * LOW HITPOINT WARNING * * *
The lemure hits you but does no damage. Pikel completely misses you.
The lemure hits you but does no damage.
You closely miss Pikel. Your headbutt misses Pikel.
Pikel is severely wounded.
You completely miss the lemure. You closely miss the killer bee. x2
You hit the killer bee. x2; You slash the lemure!
You kill the lemure!
That felt strangely unrewarding.
You hit the lemure.
You feel sick. You block the killer bee's attack.
The killer bee stings you but does no damage.
The killer bee barely misses you.
A killer bee comes into view.
The killer bee stings you but does no damage.
The killer bee closely misses you. You block the killer bee's attack.
The killer bee stings you.
* * * LOW HITPOINT WARNING * * *
The killer bee stings you but does no damage.
The lemure barely misses you. The orc hits you but does no damage.
A wight comes into view. It is wielding a +4 spear.
The lemure hits you but does no damage.
Pikel hits you with a +1 whip of freezing.
* * * LOW HITPOINT WARNING * * *
You closely miss Pikel.
Pikel is severely wounded.
You slash the killer bee!
You kill the killer bee!
You closely miss the lemure. You barely miss the lemure.
You miss the killer bee. x3; You slash the killer bee!
You kill the killer bee!
You feel sick. The killer bee barely misses you. The killer bee stings you.
* * * LOW HITPOINT WARNING * * *
The killer bee stings you but does no damage. x2
The killer bee stings you.
* * * LOW HITPOINT WARNING * * *
You block the killer bee's attack.
A killer bee comes into view.
The killer bee stings you.
You die...

### ## ####.###.#
##.#......##
##....(.....#.##
#####....z......#!.#
.........y.5..#.....
......)..y@y.##.....
.....z###y5Ko.#.....
........###{oo...#
.... ....###yy...##
... .....##z.....#.
.. #...#.y...... .
#...........#
..###....y....#
........#...##.


You could see Pikel, 2 lemures, 8 killer bees, 3 wights and 3 orcs.

Vanquished Creatures
  3 black bears
  2 ice beasts (D:6)
  An ogre (D:6)
  2 centaurs
  2 lemures (D:9)
  2 scorpions
  3 wights (D:6)
  4 killer bees (D:9)
  A howler monkey (D:4)
  5 jellies
  Jessica (D:3)
  An iguana (D:6)
  9 adders
  A white imp (D:6)
  2 ufetubi (D:5)
  2 worms
  5 orcs
  A bat (D:2)
  3 endoplasms
  3 giant cockroaches
  10 goblins
  10 hobgoblins
  4 jackals (D:3)
  4 kobolds
  3 quokkas
  6 ball pythons
  2 frilled lizards
  3 rats
95 creatures vanquished.

Notes
Turn   | Place    | Note
-------+----------+-------------------------------------------
     0 | D:1      | bmack86 the Minotaur Fighter began the quest for the Orb.
     0 | D:1      | Reached XP level 1. HP: 19/19 MP: 0/0
    96 | D:1      | Reached XP level 2. HP: 25/27 MP: 1/1
   198 | D:1      | Reached skill level 3 in Axes
   749 | D:2      | Reached XP level 3. HP: 33/33 MP: 2/2
  1311 | D:3      | Found a glowing silver altar of Zin.
  1427 | D:3      | Reached XP level 4. HP: 40/40 MP: 3/3
  1544 | D:3      | Reached skill level 4 in Axes
  1630 | D:3      | Noticed Jessica
  1640 | D:3      | Killed Jessica
  2051 | D:4      | Found a white marble altar of Elyvilon.
  2204 | D:4      | Reached XP level 5. HP: 47/47 MP: 4/4
  2222 | D:4      | Found Focw's Vocational Training.
  2296 | D:4      | Found a sparkling altar of Nemelex Xobeh.
  2326 | D:4      | Reached skill level 5 in Axes
  2453 | D:4      | Identified the +0 leather armour of Equcok {Regen+ Int+3
                  | SInv}
  2589 | D:5      | Entered Level 5 of the Dungeon
  2589 | D:5      | Noticed a centaur
  2599 | D:5      | Killed a centaur
  2600 | D:5      | Reached skill level 5 in Fighting
  2600 | D:5      | Reached skill level 5 in Armour
  2600 | D:5      | Reached XP level 6. HP: 43/56 MP: 5/5
  2665 | D:5      | Reached skill level 1 in Throwing
  2665 | D:5      | Reached skill level 5 in Shields
  2870 | D:5      | Reached skill level 6 in Axes
  2870 | D:5      | Reached XP level 7. HP: 55/61 MP: 6/6
  3072 | D:5      | Found a shadowy altar of Dithmenos.
  3539 | D:6      | Reached skill level 7 in Axes
  3539 | D:6      | Reached XP level 8. HP: 62/70 MP: 7/7
  3585 | D:6      | Got the Handbook of Thermatology
  3725 | D:6      | Found an ornate altar of the Wu Jian Council.
  3837 | D:6      | You fall into a shaft and drop 3 floors!
  3852 | D:9      | Noticed Pikel
  3868 | D:9      | HP: 1/71 [killer bee (3)]
  3868 | D:9      | Slain by a killer bee

Illustrated notes

Levels and vault maps discovered:
D:1:      saegor_arrival_simple_d, layout_rooms, serial_rivers,
          chequers_serial_rivers_small_b, chequers_serial_rivers_micro_d,
          chequers_serial_rivers_small_3, chequers_serial_rivers_room_a
D:2:      layout_loops_cross
D:3:      layout_loops_ring, zin_statuary, uniq_jessica
D:4:      layout_basic, lemuel_crystal_altar, kennysheep_mini, serial_curves,
          eino_curves_02, eino_curves_03, grunt_ministairs_8,
          nicolae_shop_vocational
D:5:      layout_gridville, nicolae_dithmenos_shadow_blocks
D:6:      layout_basic, nicolae_wu_jian_wuxing_cycle, general_overflow_altar,
          st_stairs_4
D:9:      layout_cave_pools, gammafunk_ghost_necromancy, uniq_pikel, uniq_joseph

Skill      XL: |  1  2  3  4  5  6  7  8 |
---------------+-------------------------+-----
Axes           | 3 4 5 6 7 |  7.9
Armour         | 4 5 6 |  6.5
Fighting       | 4 5 6 |  6.4
Shields        | 4 5 6 |  6.4
Throwing       | 1 2 3 |  3.2

Action                     |  1- 3 |  4- 6 |  7- 9 || total
---------------------------+-------+-------+-------++-------
  Melee: War axe           |    73 |    66 |    65 ||   204
         Headbutt          |     7 |    13 |    14 ||    34
  Throw: Boomerang         |       |     5 |       ||     5
    Use: Scroll            |     2 |     6 |     3 ||    11
         Potion            |       |     1 |     3 ||     4
 Armour: Scale mail        |    12 |       |       ||    12
         Chain mail        |    21 |     4 |       ||    25
         Plate armour      |       |    53 |   103 ||   156
  Dodge: Dodged            |    31 |    35 |    47 ||   113
  Block: Buckler           |    10 |    11 |    31 ||    52
